 Dungeon Crawl Stone Soup version 0.21.1-1-g345015f (webtiles) character file.

82 tidbits the Insei (level 4, -1/34 HPs)
             Began as a Gnoll Transmuter on June 20, 2018.
             Hit by a stone thrown by a kobold (3 damage)
             ... on level 3 of the Dungeon.
             The game lasted 00:03:11 (323 turns).

tidbits the Insei (Gnoll Transmuter)                 Turns: 323, Time: 00:03:12

Health: -1/34      AC:  2    Str: 12    XL:     4   Next: 43%
Magic:  7/11       EV: 23    Int: 17    God:
Gold:   56         SH:  0    Dex: 20    Spells: 7/13 levels left

rFire    . . .     SeeInvis .     - Unarmed
rCold    . . .     Gourm    .   (shield currently unavailable)
rNeg     . . .     Faith    .   (armour currently unavailable)
rPois    x         Spirit   .   (helmet currently unavailable)
rElec    .         Reflect  .   (cloak currently unavailable)
rCorr    .         Harm     .   (gloves currently unavailable)
MR       .....                  (boots currently unavailable)
Stlth    ++........             (no amulet)
HPRegen  0.11/turn              (no ring)
MPRegen  0.12/turn              (no ring)

@: spider-form, flying
A: tiny, distributed training, strong nose
a: End Transformation


You were on level 3 of the Dungeon.
You were not hungry.
You were a venomous arachnid creature.
You visited 1 branch of the dungeon, and saw 3 of its levels.

You collected 56 gold pieces.

Inventory:

Hand Weapons
 e - a +0 hunting sling
 g - a +0 dagger
 h - a +0 hunting sling
Missiles
 a - 40 arrows
 f - 19 stones (quivered)
 i - 26 sling bullets
Armour
 b - a +0 robe (melded)
 E - a +0 helmet (melded)
Scrolls
 k - a scroll of identify {unknown}
Books
 c - a book of Changes

   Spells                             Type                      Level
   a - Beastly Appendage              Transmutation                1
   b - Sticks to Snakes               Transmutation                2
   c - Spider Form                    Transmutation/Poison         3
   d - Ice Form                       Ice/Transmutation            4
   e - Blade Hands                    Transmutation                5
Comestibles
 d - 5 rations


   Skills:
 + Level 2.7 Fighting
 + Level 1.1 Short Blades
 + Level 1.1 Long Blades
 + Level 1.1 Axes
 + Level 1.1 Maces & Flails
 + Level 1.1 Polearms
 + Level 1.1 Staves
 + Level 1.1 Slings
 + Level 1.1 Bows
 + Level 1.1 Crossbows
 + Level 1.1 Throwing
 + Level 1.1 Armour
 + Level 4.6 Dodging
 + Level 1.1 Stealth
 + Level 1.1 Shields
 + Level 6.6 Unarmed Combat
 + Level 5.0 Spellcasting
 + Level 0.8 Conjurations
 + Level 0.8 Hexes
 + Level 0.8 Charms
 + Level 0.8 Summonings
 + Level 0.8 Necromancy
 + Level 0.8 Translocations
 + Level 3.8 Transmutations
 + Level 0.8 Fire Magic
 + Level 0.8 Ice Magic
 + Level 0.8 Air Magic
 + Level 0.8 Earth Magic
 + Level 0.8 Poison Magic
 + Level 1.2 Invocations
 + Level 1.1 Evocations


You had 7 spell levels left.
You knew the following spells:

 Your Spells              Type           Power        Failure   Level  Hunger
e - Beastly Appendage     Tmut           ###...       11%         1    None
k - Sticks to Snakes      Tmut           ###.....     13%         2    #......
p - Spider Form           Tmut/Pois      ##........   34%         3    ###....


Dungeon Overview and Level Annotations

Branches:
Dungeon (3/15)

Altars:
Gozag


Innate Abilities, Weirdness & Mutations

Your experience applies equally to all skills.
((You have very sharp teeth.))
Your uncanny sense of smell can sniff out nearby items.


Message History

The kobold shouts!
You bite the ball python!
You kill the ball python!
You hear an angry hiss.
The kobold throws a stone.
The stone barely misses you.
The kobold throws a stone.
The stone hits you but does no damage.
You hit the rat but do no damage.
The rat is poisoned.
The kobold completely misses you. The kobold closely misses you.
The rat completely misses you.
You hit the rat but do no damage.
The rat is moderately wounded.
The kobold completely misses you. x2; The rat misses you.
The kobold hits you with a club.
You barely miss the rat.
The rat is moderately wounded.
The kobold closely misses you. x2; The rat closely misses you.
You bite the rat!
You kill the rat!
The kobold hits you with a club.
* * * LOW HITPOINT WARNING * * *
The kobold closely misses you. The kobold completely misses you.
You bite the orc!
You kill the orc!
The kobold hits you with a club.
* * * LOW HITPOINT WARNING * * *
The kobold misses you.
The kobold hits the bush but does no damage.
The kobold completely misses you.
An orc comes into view. It is wielding a dagger.
It was a potion of flight.
You feel very buoyant.
You fly up into the air.
The orc moves out of view.
The kobold misses you.
The kobold hits the bush but does no damage.
The kobold completely misses you.
Unknown command.
You bite the orc priest!
The orc priest is almost dead.
Your transformation has ended.
Your +0 helmet unmelds from your body.
Your +0 robe unmelds from your body.
The kobold hits you with a club.
* * * LOW HITPOINT WARNING * * *
The kobold misses you.
The kobold hits the bush but does no damage.
The kobold closely misses you.
Casting: Spider Form
Confirm with . or Enter, or press ? or * to list all spells.
You turn into a venomous arachnid creature.
Your +0 helmet melds into your body.
Your +0 robe melds into your body.
The orc priest mumbles some strange prayers to Beogh against you.
You barely resist. The kobold completely misses you.
The kobold barely misses you.
The kobold hits the bush with an enchanted dagger.
The kobold hits you with a club.
* * * LOW HITPOINT WARNING * * *
You hit the orc priest.
The orc priest is poisoned.
The orc priest is almost dead.
The orc priest completely misses you. The kobold hits you but does no damage.
The kobold closely misses you.
The kobold hits the bush with an enchanted dagger.
You hit the orc priest.
You kill the orc priest!
Your Short Blades skill increases to level 1!
Your Long Blades skill increases to level 1!
Your Axes skill increases to level 1!
Your Maces & Flails skill increases to level 1!
Your Polearms skill increases to level 1!
Your Staves skill increases to level 1!
Your Slings skill increases to level 1!
Your Bows skill increases to level 1!
Your Crossbows skill increases to level 1!
Your Throwing skill increases to level 1!
Your Armour skill increases to level 1!
Your Stealth skill increases to level 1!
Your Shields skill increases to level 1!
Your Evocations skill increases to level 1!
You have reached level 4!
You feel clever. The kobold misses you. The kobold completely misses you.
The kobold barely misses you.
The kobold hits the bush with an enchanted dagger.
The kobold hits the bush but does no damage.
The kobold hits the bush with a short sword.
Items here: ) †††† a mace; an orc corpse x2; a rat corpse; a ball python corpse You aren't carrying any potions.
Unknown command.
You hit the kobold.
You kill the kobold!
The kobold throws a stone.
The stone barely misses you.
The kobold hits the bush with an enchanted dagger.
You closely miss the kobold. You bite the kobold!
You kill the kobold!
The kobold throws a stone.
The stone misses you.
The kobold throws a stone.
The stone closely misses you.
Unknown command.
You bite the kobold!
You kill the kobold!
The kobold throws a stone.
The stone barely misses you.
The kobold throws a stone.
The stone hits you.
You die...

#..†.............
##.#.#...........
#.<.#...........
########.......#
♣♣P#♣ #.......#
PP...#P♣#.....)##
P.....PP#).....#
......KP#......#
÷÷.§.§K)s....(.#
.......P########
P..÷§.P## #P.≈.PP
#♣PP♣ ###


You could see 2 kobolds.

Vanquished Creatures
  An orc priest (D:3)
  Robin (D:2)
  An adder (D:2)
  An orc (D:3)
  A giant cockroach (D:1)
  2 hobgoblins (D:2)
  A ball python (D:3)
  A bat (D:2)
  2 frilled lizards
  11 goblins
  6 kobolds
  5 rats
33 creatures vanquished.

Notes
Turn   | Place    | Note
-------+----------+-------------------------------------------
     0 | D:1      | tidbits the Gnoll Transmuter began the quest for the Orb.
     0 | D:1      | Reached XP level 1. HP: 17/17 MP: 6/6
   177 | D:2      | Reached XP level 2. HP: 23/23 MP: 5/7
   182 | D:2      | Noticed Robin
   197 | D:2      | Killed Robin
   197 | D:2      | Reached skill level 5 in Spellcasting
   197 | D:2      | Reached XP level 3. HP: 13/28 MP: 6/9
   205 | D:2      | Reached skill level 1 in Invocations
   218 | D:2      | Found an opulent altar of Gozag.
   284 | D:2      | Learned a level 2 spell: Sticks to Snakes
   288 | D:2      | Learned a level 3 spell: Spider Form
   316 | D:3      | HP: 1/28 [kobold/club (3)]
   318 | D:3      | Reached skill level 1 in Short Blades
   318 | D:3      | Reached skill level 1 in Long Blades
   318 | D:3      | Reached skill level 1 in Axes
   318 | D:3      | Reached skill level 1 in Maces & Flails
   318 | D:3      | Reached skill level 1 in Polearms
   318 | D:3      | Reached skill level 1 in Staves
   318 | D:3      | Reached skill level 1 in Slings
   318 | D:3      | Reached skill level 1 in Bows
   318 | D:3      | Reached skill level 1 in Crossbows
   318 | D:3      | Reached skill level 1 in Throwing
   318 | D:3      | Reached skill level 1 in Armour
   318 | D:3      | Reached skill level 1 in Stealth
   318 | D:3      | Reached skill level 1 in Shields
   318 | D:3      | Reached skill level 1 in Evocations
   318 | D:3      | Reached XP level 4. HP: 2/34 MP: 7/11
   323 | D:3      | Hit by a stone thrown by a kobold

Skill      XL: |  1  2  3 |
---------------+----------+-----
Spellcasting   | 5 |  5.0
Invocations    | 1 |  1.2
Short Blades   | 1 |  1.1
Long Blades    | 1 |  1.1
Axes           | 1 |  1.1
Maces & Flails | 1 |  1.1
Polearms       | 1 |  1.1
Staves         | 1 |  1.1
Slings         | 1 |  1.1
Bows           | 1 |  1.1
Crossbows      | 1 |  1.1
Throwing       | 1 |  1.1
Armour         | 1 |  1.1
Stealth        | 1 |  1.1
Shields        | 1 |  1.1
Evocations     | 1 |  1.1
Fighting       | |  2.7
Dodging        | |  4.6
Unarmed Combat | |  6.6
Conjurations   | |  0.8
Hexes          | |  0.8
Charms         | |  0.8
Summonings     | |  0.8
Necromancy     | |  0.8
Translocations | |  0.8
Transmutations | |  3.8
Fire Magic     | |  0.8
Ice Magic      | |  0.8
Air Magic      | |  0.8
Earth Magic    | |  0.8
Poison Magic   | |  0.8

Action                   |  1- 3 |  4- 6 || total
-------------------------+-------+-------++-------
Melee: Unarmed           |    54 |     4 ||    58
       Kick              |     6 |       ||     6
       Headbutt          |     1 |       ||     1
       Bite              |     1 |       ||     1
       Punch             |     1 |       ||     1
 Cast: Beastly Appendage |     7 |       ||     7
       Spider Form       |     2 |       ||     2
  Use: Potion            |     1 |       ||     1
Armor: Robe              |     4 |       ||     4
Dodge: Dodged            |    50 |     7 ||    57

Table legend:
 A = Turns spent in this place as a percentage of turns spent in the entire game.
 B = Non-inter-level travel turns spent in this place as a percentage of non-inter-level travel turns spent in the entire game.
 C = Inter-level travel turns spent in this place as a percentage of turns spent in this place.
 D = Turns resting spent in this place as a percentage of non-inter-level travel turns spent in this place.
 E = Turns spent auto-exploring this place as a percentage of non-inter-level travel turns spent in this place.
 F = Non-inter-level travel turns spent in this place divided by the number of levels of this place that you've seen.
                   A       B       C       D       E      F
               +-------+-------+-------+-------+-------+----------------------
         Total | 100.0 | 100.0 |   0.0 |   0.0 |   0.0 | 107.7
       Dungeon | 100.0 | 100.0 |   0.0 |   0.0 |   0.0 | 107.7
               +-------+-------+-------+-------+-------+----------------------

Table legend:
 A = Kills in this place as a percentage of kills in entire the game.
 B = Kills by you in this place as a percentage of kills by you in the entire game.
 C = Kills by friends in this place as a percentage of kills by friends in the entire game.
 D = Other kills in this place as a percentage of other kills in the entire game.
 E = Experience gained in this place as a percentage of experience gained in the entire game.
 F = Experience gained in this place divided by the number of levels of this place that you have seen.
                   A       B       C       D       E      F
               +-------+-------+-------+-------+-------+----------------------
         Total | 100.0 | 100.0 |   N/A |   N/A | 100.0 |  39.3
       Dungeon | 100.0 | 100.0 |   N/A |   N/A | 100.0 |  39.3
               +-------+-------+-------+-------+-------+----------------------

Vault maps used:
D:1:      tarquinn_simple_flora_water_d
D:2:      nicolae_gozag_seed_capital, uniq_terence, uniq_natasha, uniq_robin
D:3:      ashenzari_conservatory_becter, lexackson_kobold_supper
